 Dungeon Crawl Stone Soup version 0.20.0-15-g7f486f2 (webtiles) character file.

2940 straycat the Nimble (level 9, -8/69 HPs)
             Began as a Vampire Fighter on June 11, 2017.
             Mangled by an orc warrior
             ... wielding a +0 dire flail
              (13 damage)
             ... on level 9 of the Dungeon.
             The game lasted 00:28:49 (8178 turns).

straycat the Nimble (Vampire Fighter)               Turns: 8178, Time: 00:28:49

Health: -8/69      AC:  9    Str: 18    XL:     9   Next: 51%
Magic:  9/9        EV: 16    Int: 11    God:
Gold:   423        SH:  9    Dex: 13    Spells: 5/8 levels left

rFire    . . .     SeeInvis +   a - +0 rapier
rCold    . . .     Gourm    .   c - +0 shield
rNeg     + . .     Faith    .   b - +0 scale mail
rPois    .         Spirit   .   (no helmet)
rElec    .         Reflect  .   (no cloak)
rCorr    +         Harm     .   t - +2 pair of gloves
MR       .....                  (no boots)
Stlth    +++.......             (no amulet)
Regen    0.3/turn               p - ring of resist corrosion
MPRegen  0.2/turn               r - +4 ring of evasion

@: no status effects
A: fangs 3, see invisible, unbreathing
a: Bat Form


You were on level 9 of the Dungeon.
You were not thirsty.

You visited 2 branches of the dungeon, and saw 10 of its levels.

You collected 423 gold pieces.

Inventory:

Hand Weapons
 a - a +0 rapier (weapon)
 D - a +0 broad axe
 I - a +2 falchion of holy wrath
 K - a +0 shortbow
 R - a +1 whip of electrocution
Missiles
 d - 98 arrows
 f - 23 bolts
 h - 10 tomahawks (quivered)
 o - 26 poisoned needles
Armour
 b - a +0 scale mail (worn)
 c - a +0 shield (worn)
 t - a +2 pair of gloves (worn)
Magical Staves
 L - an uncursed staff of poison {unknown}
 O - an uncursed staff of conjuration {unknown}
Jewellery
 p - a ring of resist corrosion (left hand)
 r - a +4 ring of evasion (right hand)
 N - an uncursed ring of poison resistance {unknown}
 Q - an uncursed ring of fire {unknown}
Wands
 G - a wand of scattershot (7/9)
 H - a wand of iceblast (12/15)
Scrolls
 i - 3 scrolls of remove curse
 k - 3 scrolls of identify
 n - 2 scrolls of magic mapping
 s - 3 scrolls of fear
 u - a scroll of immolation
 v - 3 scrolls of blinking
 w - a scroll of noise {unknown}
 E - a scroll of fog {unknown}
 F - 2 scrolls of recharging {unknown}
 J - 3 scrolls of teleportation {unknown}
 P - a scroll of vulnerability {unknown}
Potions
 e - 11 potions of blood
 g - 5 potions of mutation
 j - a potion of magic {unknown}
 l - 6 potions of curing
 m - a potion of ambrosia
 q - a potion of haste
 z - a potion of heal wounds
 B - a potion of brilliance {unknown}
 C - 2 potions of berserk rage {unknown}
 M - a potion of flight {unknown}
 S - a potion of lignification {unknown}
Books
 x - a book of Misfortune

   Spells                             Type                      Level
   a - Confusing Touch                Hexes                        1
   b - Confuse                        Hexes                        3
   c - Gell's Gravitas                Translocation                3
   d - Petrify                        Transmutation/Earth          4
   e - Metabolic Englaciation         Hexes/Ice                    5
   f - Yara's Violent Unravelling     Hexes/Transmutation          5
 y - a book of Maledictions

   Spells                             Type                      Level
   a - Corona                         Hexes                        1
   b - Ensorcelled Hibernation        Hexes/Ice                    2
   c - Confuse                        Hexes                        3
   d - Tukima's Dance                 Hexes                        3
   e - Dazzling Spray                 Conjuration/Hexes            3
 A - a book of Flames

   Spells                             Type                      Level
   a - Flame Tongue                   Conjuration/Fire             1
   b - Throw Flame                    Conjuration/Fire             2
   c - Conjure Flame                  Conjuration/Fire             3
   d - Inner Flame                    Hexes/Fire                   3
   e - Sticky Flame                   Conjuration/Fire             4
   f - Fireball                       Conjuration/Fire             5


   Skills:
 + Level 6.2 Fighting
 + Level 7.0 Short Blades
 - Level 2.4 Armour
 * Level 8.9 Dodging
 + Level 8.8 Stealth
 - Level 2.6 Shields


You had 5 spell levels left.
You knew the following spells:

 Your Spells              Type           Power        Failure   Level  Hunger
a - Confuse               Hex            #.......     100%        3    ####...


Dungeon Overview and Level Annotations

Branches:
Dungeon (9/15)             Temple (1/1) D:5
   Lair: D:8-11         Orc: D:9-12

Altars:
Ashenzari
Cheibriados
Dithmenos
Fedhas
Gozag
Kikubaaqudgha
Makhleb
Nemelex Xobeh
Okawaru
Qazlal
Ru
Sif Muna
Trog
Uskayaw
Vehumet
Xom
Yredelemnul
Zin
The Shining One

Shops:
D:4 (   D:5 :   D:7 (


Innate Abilities, Weirdness & Mutations

You have razor-sharp teeth.
You have supernaturally acute eyesight. (SInv)
You can survive without breathing.


Message History

The orc warrior is almost dead.
The orc warrior closely misses you.
You hit the orc warrior but do no damage.
The orc warrior is almost dead.
You closely miss the orc warrior.
The orc warrior is almost dead.
The orc warrior misses you.
Your shield and scale mail prevent you from hitting the orc warrior.
The orc warrior is almost dead.
The orc warrior barely misses you.
You hit the orc warrior but do no damage.
The orc warrior is almost dead.
The orc warrior hits you with a dire flail.
* * * LOW HITPOINT WARNING * * *
You hit the orc warrior but do no damage.
The orc warrior is almost dead.
You hit the orc warrior but do no damage.
The orc warrior is almost dead.
The orc warrior hits you with a dire flail!
You die... ########## .......@.# ########o# .# .# .# .# .# ##

You could see an orc warrior.

Vanquished Creatures
  2 hippogriffs
  A spriggan (D:7)
  2 hungry ghosts (D:7)
  An orc warrior (D:7)
  2 sky beasts
  3 ogres
  2 centaurs (D:7)
  A big kobold (D:8)
  The ghost of Scuka the Digger, an amateur GrEE (D:3)
  2 bullfrogs
  2 scorpions
  A howler monkey (D:7)
  3 crimson imps
  A centaur skeleton (D:6)
  A quasit (D:5)
  3 bullfrog skeletons
  An orc priest (D:3)
  Jessica (D:3)
  Natasha (twice) (D:3)
  9 orc wizards
  Ijyb (D:5)
  8 worker ants
  A hound skeleton (D:5)
  3 gnolls (D:7)
  10 adders
  An ooze (D:4)
  2 adder skeletons
  A worm (D:2)
  2 dart slugs
  11 leopard geckos
  14 orcs
  6 bats
  5 giant cockroaches
  6 goblins
  4 hobgoblins
  12 jackals
  11 kobolds
  2 quokkas
  A ball python (D:1)
  2 frilled lizards (D:2)
  4 goblin skeletons (D:5)
  2 hobgoblin zombies (D:5)
  A jackal zombie (D:6)
  A kobold skeleton (D:5)
  A kobold zombie (D:5)
  7 rats
160 creatures vanquished.

Notes
Turn   | Place    | Note
-------+----------+-------------------------------------------
     0 | D:1      | straycat the Vampire Fighter began the quest for the Orb.
     0 | D:1      | Reached XP level 1. HP: 17/17 MP: 1/1
   172 | D:1      | Reached XP level 2. HP: 14/23 MP: 2/2
   399 | D:1      | Reached skill level 1 in Stealth
   689 | D:1      | Reached skill level 1 in Dodging
   840 | D:2      | Found a radiant altar of Vehumet.
   844 | D:2      | Reached XP level 3. HP: 25/29 MP: 3/3
  1018 | D:2      | Found a burning altar of Makhleb.
  1050 | D:2      | HP: 1/29 [worm (7)]
  1425 | D:2      | Reached XP level 4. HP: 34/35 MP: 4/4
  1925 | D:3      | Found a sacrificial altar of Ru.
  2031 | D:3      | Noticed Natasha
  2052 | D:3      | Killed Natasha
  2120 | D:3      | Noticed Jessica
  2123 | D:3      | Noticed Scuka's ghost (amateur GrEE)
  2138 | D:3      | Killed Scuka's ghost
  2138 | D:3      | Reached XP level 5. HP: 18/41 MP: 5/5
  2149 | D:3      | Killed Jessica
  2398 | D:3      | Noticed Natasha
  2408 | D:3      | Killed Natasha
  2944 | D:2      | Noticed an ogre
  2956 | D:2      | Killed an ogre
  2956 | D:2      | Reached XP level 6. HP: 29/48 MP: 6/6
  3404 | D:4      | Found an ancient bone altar of Kikubaaqudgha.
  3556 | D:4      | Found Maoh's Antique Weapon Boutique.
  3787 | D:4      | Reached XP level 7. HP: 36/54 MP: 7/7
  3803 | D:4      | Reached skill level 5 in Dodging
  3803 | D:4      | Reached skill level 5 in Stealth
  3865 | D:4      | Learned a level 3 spell: Confuse
  4009 | D:5      | Entered Level 5 of the Dungeon
  4190 | D:5      | Found an opulent altar of Gozag.
  4190 | D:5      | Found a blossoming altar of Fedhas.
  4229 | D:5      | Found a staircase to the Ecumenical Temple.
  4251 | Temple   | Entered the Ecumenical Temple
  4514 | D:5      | Found Zupt's Book Shop.
  4608 | D:5      | Found a glowing golden altar of the Shining One.
  4711 | D:5      | Reached skill level 5 in Short Blades
  4721 | D:5      | Noticed Ijyb
  4725 | D:5      | Killed Ijyb
  5207 | D:6      | Reached XP level 8. HP: 61/61 MP: 8/8
  5563 | D:7      | Reached skill level 5 in Fighting
  5810 | D:7      | Found a shadowy altar of Dithmenos.
  5947 | D:7      | Found Usuphepn's Antique Weapon Shop.
  6041 | D:7      | Noticed a hippogriff
  6085 | D:7      | Killed a hippogriff
  6118 | D:7      | Reached XP level 9. HP: 38/69 MP: 9/9
  6501 | D:7      | Found a shimmering altar of Xom.
  6916 | D:6      | Found a sparkling altar of Nemelex Xobeh.
  8097 | D:8      | Found an iron altar of Okawaru.
  8178 | D:9      | Mangled by an orc warrior

Skill      XL: |  1  2  3  4  5  6  7  8  9 |
---------------+----------------------------+-----
Stealth        | 1 2 3 4 5 7 8 |  8.8
Fighting       | 3 4 5 6 |  6.2
Dodging        | 1 2 3 4 6 8 |  8.9
Short Blades   | 3 4 5 6 7 |  7.0
Armour         | |  2.4
Shields        | |  2.6

Action                   |  1- 3 |  4- 6 |  7- 9 || total
-------------------------+-------+-------+-------++-------
Melee: Rapier            |   105 |   211 |   617 ||   933
       Bite              |    10 |    15 |    66 ||    91
 Abil: Bat Form          |     1 |     1 |     1 ||     3
       End Transformatio |       |     1 |     1 ||     2
  Use: Potion            |     5 |     1 |     9 ||    15
       Scroll            |       |    12 |       ||    12
 Stab: Sleeping          |     2 |     1 |     7 ||    10
       Distracted        |       |       |     1 ||     1
  Eat: Corpse            |       |     3 |     5 ||     8
Armor: Scale mail        |    33 |    26 |   187 ||   246
       Leather armour    |    10 |       |       ||    10
       Ring mail         |       |    24 |       ||    24
Dodge: Dodged            |    52 |   178 |   407 ||   637
Block: Shield            |    47 |    21 |   299 ||   367
